 Dungeon Crawl Stone Soup version 0.28.0-53-g5a82cb258f (webtiles) character file.

Game seed: 14058646264537290403

60 tizbic2 the Caller (level 4, -4/39 HPs)
             Began as an Ogre Summoner on July 17, 2022.
             Slain by Sigmund
             ... wielding a +0 scythe
              (7 damage)
             ... on level 2 of the Dungeon.
             The game lasted 00:09:20 (1527 turns).

tizbic2 the Caller (Ogre Summoner)                  Turns: 1527, Time: 00:09:20

Health: -4/39      AC:  3    Str: 12    XL:     4   Next: 6%
Magic:  9/9        EV:  9    Int: 18    God:
Gold:   78         SH:  0    Dex:  9    Spells: 5/9 levels left

rFire   . . .      SeeInvis .   n - +0 mace (protect)
rCold   . . .      Faith    .   (no shield)
rNeg    . . .      Spirit   .   a - +0 robe
rPois   .          Reflect  .   (helmet restricted)
rElec   .          Harm     .   (no cloak)
rCorr   .          Rampage  .   (gloves unavailable)
Will    .....                   (boots unavailable)
Stlth   +.........              (no amulet)
HPRegen 0.13/turn               (no ring)
MPRegen 0.11/turn               (no ring)

@: confused
A: large, unfitting armour, tough skin 1
a: no special abilities


You were on level 2 of the Dungeon.
You visited 1 branch of the dungeon, and saw 2 of its levels.

You collected 78 gold pieces.

Inventory:

Hand Weapons
 n - a +0 mace of protection (weapon)
Missiles
 b - 29 stones (quivered)
Armour
 a - a +0 robe (worn)
Jewellery
 k - a ring of fire
Wands
 m - a wand of polymorph (4)
Scrolls
 c - a scroll of enchant armour {unknown}
 d - 2 scrolls of teleportation
 e - a scroll of noise {unknown}
 i - a scroll of amnesia {unknown}
 l - a scroll of fear {unknown}
Potions
 f - a potion of degeneration {unknown}
 h - a potion of resistance {unknown}
 j - 2 potions of haste {unknown}


   Skills:
 - Level 1.7 Dodging
 - Level 1.4 Stealth
 + Level 3.3 Spellcasting
 - Level 3.6 Summonings
 * Level 2.5 Air Magic


You had 5 spell levels left.
You knew the following spells:

 Your Spells              Type           Power      Damage    Failure   Level
a - Summon Small Mammal   Summ           60%        N/A       3%          1
b - Call Canine Familiar  Summ           15%        N/A       11%         3

Your spell library contained the following spells:

 Spells                   Type           Power      Damage    Failure   Level
 Call Imp                 Summ           15%        N/A       5%          2
 Summon Guardian Golem    Hex/Summ       9%         N/A       22%         3
 Summon Lightning Spire   Summ/Air       14%        N/A       41%         4


Dungeon Overview and Level Annotations

Branches:
Dungeon (2/15)

Altars:

Annotations:
D:2 Sigmund


Innate Abilities, Weirdness & Mutations

You are too large for most types of armour.
You have tough skin. (AC +1)


Message History

Press: ? - help, Dir - move target, f - Sigmund
Aim: Sigmund, wielding a +0 scythe and wearing a +0 robe (asleep) Attack!
Sigmund shouts!
Sigmund completely misses your hound.
Your hound bites Sigmund. x2
Your hound bites Sigmund.
Sigmund completely misses your hound.
Your hound bites Sigmund.
Sigmund mumbles some strange words.
Sigmund flickers and vanishes!
Deactivating autopickup; reactivate with Ctrl-A.
Your hound bites something.
Your hound bites something.
Your hound appears confused.
Your hound disappears in a puff of smoke!
You are confused.
You're too confused to cast spells.
You are more confused.
Something tries to affect you, but you resist.
A magic dart appears from out of thin air!
The magic dart hits you!
You hear some strange, mumbled words.
You are more confused.
A magic dart appears from out of thin air!
The magic dart hits you.
You are more confused.
You bump into the rock wall.
You see here a bat corpse.
Something hits you.
You're too confused to move!
Something hits you. Something hits you!
* * * LOW HITPOINT WARNING * * *
You bump into the rock wall.
You bump into the rock wall.
Something hits you.
* * * LOW HITPOINT WARNING * * *
You hear some strange, mumbled words.
Something tries to affect you, but you resist.
Something hits you!
You die...

....###................
.........########.#.####
.....###.# #......#.#
...... #.# #......#.#
...... #.# #......#.#
.....##.# #......#.#
........###......#.#
#.#............#
#.@.########.### # ##†.#
#.# #.##..#### #.#
#..†.....# #.######
#........# #.......
#........# ########
.....###........ .###.
#........# # #...|....#


There were no monsters in sight!

Vanquished Creatures
  Terence (D:2)
  2 bats
  An endoplasm (D:1)
  A goblin (D:2)
  2 hobgoblins (D:1)
  A jackal (D:1)
  2 kobolds (D:1)
  2 rats (D:1)
12 creatures vanquished.

Vanquished Creatures (collateral kills)
  2 dart slugs
  3 bats
  2 endoplasms
  A hobgoblin (D:1)
  2 jackals (D:1)
  2 ball pythons
  3 frilled lizards
  A kobold (D:1)
  3 rats (D:1)
19 creatures vanquished.

Grand Total: 31 creatures vanquished

Notes
Turn   | Place    | Note
-------+----------+-------------------------------------------
     0 | D:1      | tizbic2 the Ogre Summoner began the quest for the Orb.
     0 | D:1      | Reached XP level 1. HP: 16/16 MP: 3/3
   171 | D:1      | Reached skill level 1 in Air Magic
   172 | D:1      | Reached XP level 2. HP: 18/24 MP: 3/5
   543 | D:1      | Found a faded altar of an unknown god.
   657 | D:1      | Reached XP level 3. HP: 24/31 MP: 7/7
   970 | D:2      | Learned a level 3 spell: Call Canine Familiar
  1101 | D:2      | Noticed Terence
  1147 | D:2      | Killed Terence
  1428 | D:2      | Reached XP level 4. HP: 35/39 MP: 6/8
  1495 | D:2      | Noticed Sigmund
  1527 | D:2      | Slain by Sigmund

Illustrated notes

Levels and vault maps discovered:
D:1:      heliophobic_arrival_battle_scene, layout_rooms,
          basic_ecumenical_altar, amcnicky_mini_corridor_feature,
          minmay_pentomino_p2
D:2:      layout_basic, uniq_terence, uniq_sigmund

Skill      XL: |  1  2  3 |
---------------+----------+-----
Air Magic      | 1 2 |  2.5
Spellcasting   | 3 |  3.3
Dodging        | |  1.7
Stealth        | |  1.4
Summonings     | |  3.6

Action                   |  1- 3 |  4- 6 || total
-------------------------+-------+-------++-------
Melee: Unarmed           |     8 |       ||     8
       Hand axe          |    41 |       ||    41
       Mace              |     1 |       ||     1
 Cast: Summon Small Mamm |    23 |       ||    23
       Call Canine Famil |     1 |     1 ||     2
  Use: Scroll            |     1 |       ||     1
 Stab: Distracted        |     2 |       ||     2
Armor: Robe              |    24 |     1 ||    25
Dodge: Dodged            |    27 |       ||    27
